[Event "Titled Tuesday Blitz July 20 2021"]
[White "LuckSlayeer"]
[Black "Shahade, Gregory"]
[BlackFideId "2009064"]
[WhiteElo "2552"]
[BlackElo "2693"]
[Result "1-0"]
[Round "06"]
[TimeControl "180+1"]
[Date "2021.07.21"]
[WhiteClock "0:00:09"]
[BlackClock "0:00:08"]

1. Nf3 Nf6 2. c4 g6 3. Nc3 d5 4. cxd5 Nxd5 5. Qb3 Nb6 6. d4 Be6 7. Qd1 Bg7 8. e4 O-O 9. Be2 Bg4 10. Be3 Nc6 11. d5 Bxf3 12. gxf3 Na5 13. Bd4 Qd6 14. Nb5 Qb4+ 15. Bc3 Bxc3+ 16. bxc3 Qc5 17. Qd4 Qxd4 18. cxd4 c6 19. dxc6 Nxc6 20. d5 Ne5 21. f4 Nec4 22. Bxc4 Nxc4 23. Rc1 Rfc8 24. Ke2 a6 25. Nd4 b5 26. Nc6 Kf8 27. h4 h5 28. f5 gxf5 29. exf5 Nd6 30. Rhg1 Nxf5 31. Rg5 Nxh4 32. Rxh5 Ng6 33. Ke3 Kg7 34. Rch1 Rh8 35. Rxh8 Rxh8 36. Rxh8 Kxh8 37. Nb8 a5 38. Nc6 a4 39. a3 Kg7 40. Nd4 Ne5 41. Nxb5 Nc4+ 42. Kd4 Nb2 43. Nc3 Kf6 44. Kc5 Ke5 45. f3 Kf4 46. Kb4 Kxf3 47. Nxa4 Nd3+ 48. Kc4 Ne5+ 49. Kd4 Nd7 50. Nc5 Nb6 51. a4 Kf4 52. a5 Nc8 53. a6 Kf5 54. Kc4 Ke5 55. Nd7+ Kd6 56. Nc5 f5 57. Nd3 Nb6+ 58. Kb5 Nxd5 59. a7 Nc7+ 60. Kb6 e5 61. Nxe5 Nd5+ 62. Kb7 Nc7 63. Nc4+ Kd7 64. Nb6+ Kd6 65. Nd5 Na8 66. Kxa8 Kxd5 67. Kb7 Ke4 68. a8=Q Kf4 69. Qa4+ Kg3 70. Qd1 f4 71. Qf1 f3 72. Kc6 f2 73. Kd5 Kf3 74. Kd4 Kg3 75. Ke3 Kh2 76. Qxf2+ Kh1 77. Qe2 Kg1 78. Kf3 Kh1 79. Qg2# 1-0


[Site "https://www.chess.com"]

[Event "Titled Tuesday Blitz July 20 2021"]
[White "Mestnikov, Aisen"]
[Black "Manukyan, Artyom"]
[WhiteFideId "34130117"]
[BlackFideId "13305786"]
[WhiteElo "2027"]
[BlackElo "2034"]
[Result "1/2-1/2"]
[Round "06"]
[TimeControl "180+1"]
[Date "2021.07.21"]
[WhiteClock "0:01:09"]
[BlackClock "0:01:30"]

1. d4 d5 2. c4 e6 3. Nf3 Nf6 4. g3 Be7 5. Bg2 O-O 6. O-O dxc4 7. Ne5 Nc6 8. Bxc6 bxc6 9. Nxc6 Qe8 10. Nxe7+ Qxe7 11. Qa4 e5 12. dxe5 Qxe5 13. Nc3 Be6 14. Bf4 Qh5 15. Qb5 Qxb5 16. Nxb5 Rab8 17. a4 a6 18. Nxc7 Rxb2 19. Nxa6 Rxe2 20. Nc7 Nd5 21. a5 Nxc7 22. Bxc7 Rc8 23. a6 h5 24. a7 Bd5 25. Bb8 Ba8 26. Rfe1 Rb2 27. Rac1 c3 28. Be5 Ra2 29. Rxc3 Rxc3 30. Bxc3 Rxa7 31. Ra1 Rxa1+ 32. Bxa1 Bf3 1/2-1/2


[Site "https://www.chess.com"]

[Event "Titled Tuesday Blitz July 20 2021"]
[White "Mohammad Fahad, Rahman"]
[Black "Pacheco Lugo, Alejandro Jose"]
[WhiteFideId "10207791"]
[BlackFideId "3903745"]
[WhiteElo "2323"]
[BlackElo "2125"]
[Result "1-0"]
[Round "06"]
[TimeControl "180+1"]
[Date "2021.07.21"]
[WhiteClock "0:00:41"]
[BlackClock "0:00:02"]

1. e4 c5 2. Nc3 d6 3. d4 cxd4 4. Qxd4 Nc6 5. Qd2 g6 6. b3 Bh6 7. f4 Nf6 8. Bb2 Nh5 9. g3 e5 10. Nd5 O-O 11. Be2 Nf6 12. Nxf6+ Qxf6 13. Nf3 Bg4 14. O-O-O Rad8 15. Kb1 Qe7 16. h3 Bxf3 17. Bxf3 exf4 18. gxf4 Qh4 19. Qc3 f6 20. f5 Bf4 21. fxg6 hxg6 22. Qc4+ Kh7 23. Qb5 Rd7 24. Bg4 Re7 25. Rd5 Rff7 26. Rhd1 Rxe4 27. Bc8 a6 28. Qd3 Re1 29. Bg4 Rxd1+ 30. Bxd1 Be5 31. a3 Bxb2 32. Rh5+ Qxh5 33. Bxh5 f5 34. Bxg6+ Kxg6 35. Kxb2 Rf6 36. h4 Ne5 37. Qe3 f4 38. Qe4+ Kh5 39. Qxb7 Kxh4 40. Qxa6 f3 41. Qf1 f2 42. a4 Ng4 43. a5 Nh2 44. Qc4+ Kg3 45. Qc3+ Rf3 46. Qg7+ Ng4 47. a6 f1=Q 48. a7 Rf8 49. Qb7 Qf3 50. Qe7 Ra8 51. Qxd6+ Qf4 52. Qd3+ Kh4 53. Qd7 Qe5+ 54. Kb1 Qe1+ 55. Kb2 Qe5+ 56. Kb1 Qh8 57. b4 Qf6 58. Qb7 1-0


[Site "https://www.chess.com"]

[Event "Titled Tuesday Blitz July 20 2021"]
[White "Moroni, Luca Jr"]
[Black "Bortnyk, Olexandr"]
[WhiteFideId "865834"]
[BlackFideId "14120828"]
[WhiteElo "2491"]
[BlackElo "2723"]
[Result "0-1"]
[Round "06"]
[TimeControl "180+1"]
[Date "2021.07.20"]
[WhiteClock "0:00:26"]
[BlackClock "0:00:08"]

1. d4 Nf6 2. c4 d6 3. Nc3 Nbd7 4. e4 e5 5. d5 Be7 6. Bd3 c6 7. Nge2 Nc5 8. Bc2 a5 9. O-O O-O 10. f3 b5 11. cxb5 cxb5 12. a3 Bd7 13. Be3 b4 14. axb4 axb4 15. Na4 Bb5 16. Re1 Nfd7 17. Nxc5 Rxa1 18. Qxa1 Nxc5 19. Ng3 Bg5 20. Bf2 g6 21. Qa7 b3 22. Bb1 Na4 23. Bd3 Qb8 24. Qxb8 Rxb8 25. Bxb5 Rxb5 26. Rb1 Rb8 27. Nf1 Rc8 28. Be3 Bd8 29. Nd2 Rb8 30. Kf1 Kf8 31. Ke2 Ke7 32. Kd3 Kd7 33. Nc4 Ra8 34. Ke2 f5 35. Ra1 Nc3+ 36. Kd3 Rxa1 37. Kxc3 f4 38. Bd2 Rg1 39. g3 fxg3 40. hxg3 Rxg3 41. Kxb3 Rxf3+ 42. Ka4 h5 43. b4 h4 44. b5 h3 45. Ba5 h2 46. Bxd8 h1=Q 47. Ba5 Qa1+ 48. Kb4 Qc3+ 49. Ka4 Qb3# 0-1


[Site "https://www.chess.com"]

[Event "Titled Tuesday Blitz July 20 2021"]
[White "Mortazavi, Ali"]
[Black "Kamsky, Gata"]
[WhiteFideId "401323"]
[BlackFideId "2000024"]
[WhiteElo "2339"]
[BlackElo "2644"]
[Result "0-1"]
[Round "06"]
[TimeControl "180+1"]
[Date "2021.07.20"]
[WhiteClock "0:00:01"]
[BlackClock "0:00:34"]

1. e4 c5 2. Nc3 Nc6 3. g3 g6 4. Bg2 Bg7 5. d3 d6 6. Be3 e5 7. f4 exf4 8. Bxf4 Nge7 9. Nf3 O-O 10. Qd2 Be6 11. O-O d5 12. Rae1 d4 13. Ne2 f6 14. Bh6 Qd6 15. Bxg7 Kxg7 16. Nf4 Bg8 17. c4 dxc3 18. bxc3 Rad8 19. c4 Ne5 20. Nd5 N7c6 21. Nh4 b5 22. cxb5 Nd4 23. a4 a6 24. Rb1 axb5 25. axb5 Rb8 26. Qa5 Nxd3 27. b6 Nc6 28. Qc3 Ndb4 29. Rf2 Bxd5 30. exd5 Ne5 31. Rbf1 Rxb6 32. h3 Nxd5 33. Bxd5 Qxd5 34. Rd2 Qc6 35. Rfd1 Rf7 36. Rd5 c4 37. g4 Rb3 38. Qd4 Rxh3 39. Ng2 Nf3+ 0-1


[Site "https://www.chess.com"]

[Event "Titled Tuesday Blitz July 20 2021"]
[White "Najdin, Danil"]
[Black "Leitao, Rafael"]
[WhiteFideId "4172426"]
[BlackFideId "2101246"]
[WhiteElo "2193"]
[BlackElo "2609"]
[Result "0-1"]
[Round "06"]
[TimeControl "180+1"]
[Date "2021.07.21"]
[WhiteClock "0:00:03"]
[BlackClock "0:00:14"]

1. e4 e5 2. Nf3 Nc6 3. Bb5 a6 4. Ba4 Nf6 5. O-O b5 6. Bb3 Bc5 7. c3 d6 8. a4 Rb8 9. d4 Bb6 10. a5 Ba7 11. Be3 Bg4 12. h3 Bxf3 13. gxf3 O-O 14. Kh2 Nh5 15. f4 Nxf4 16. Bxf4 exf4 17. Qg4 Qf6 18. Nd2 Ne7 19. Nf3 c5 20. e5 dxe5 21. Nxe5 cxd4 22. Nd7 Qd6 23. Nxf8 Rxf8 24. Rad1 Nc6 25. Rg1 g6 26. h4 Ne5 27. Qh3 Qc6 28. Qg2 Qf6 29. Kh3 d3 30. Qg5 Qc6 31. Qxf4 Qd7+ 32. Kh2 Bb8 33. Kh1 Qc6+ 34. f3 Nxf3 35. Rg2 Bxf4 0-1


[Site "https://www.chess.com"]

[Event "Titled Tuesday Blitz July 20 2021"]
[White "Nathan, Nitish"]
[Black "Leve, Nitai"]
[WhiteFideId "30927870"]
[BlackFideId "2006898"]
[WhiteElo "2235"]
[BlackElo "2144"]
[Result "1-0"]
[Round "06"]
[TimeControl "180+1"]
[Date "2021.07.21"]
[WhiteClock "0:01:46"]
[BlackClock "0:00:22"]

1. d4 d5 2. Bf4 Nf6 3. e3 c5 4. Nd2 Nc6 5. c3 Bf5 6. Qb3 Qb6 7. dxc5 Qxb3 8. axb3 e5 9. Bg3 Bxc5 10. b4 Bd6 11. Ngf3 Nd7 12. b5 Ne7 13. Be2 f6 14. O-O O-O 15. Nd4 Bg6 16. Ra2 Nc5 17. Rfa1 Bb8 18. N4b3 Nxb3 19. Nxb3 Nf5 20. Nc5 Rf7 21. c4 Rc7 22. Ne6 Nxg3 23. hxg3 Rc8 24. cxd5 Be4 25. Bf3 Bxf3 26. gxf3 Kf7 27. e4 g6 28. b4 Ke7 29. b6 a6 30. b5 a5 31. Rxa5 Rxa5 32. Rxa5 Kd6 33. Ra8 f5 34. Kg2 h5 35. Ra7 1-0


[Site "https://www.chess.com"]

[Event "Titled Tuesday Blitz July 20 2021"]
[White "Nefedov, Sergey"]
[Black "Petriashvili, Nikoloz"]
[WhiteFideId "24113417"]
[BlackFideId "13611216"]
[WhiteElo "2385"]
[BlackElo "2430"]
[Result "1-0"]
[Round "06"]
[TimeControl "180+1"]
[Date "2021.07.20"]
[WhiteClock "0:00:27"]
[BlackClock "0:01:23"]

1. d4 Nf6 2. Nf3 e6 3. c4 d5 4. Nc3 Be7 5. Bg5 h6 6. Bh4 Ne4 7. Bxe7 Qxe7 8. e3 Nxc3 9. bxc3 c6 10. Bd3 O-O 11. O-O Nd7 12. Qb3 b6 13. Rfe1 Ba6 14. Rad1 Rac8 15. cxd5 Bxd3 16. dxe6 Be4 17. exd7 Qxd7 18. Ne5 Qd6 19. f3 Bd5 20. c4 Be6 21. Qa4 Rc7 22. Nd3 Rd8 23. Nf2 b5 24. cxb5 cxb5 25. Qxb5 Bxa2 26. Ne4 Qb6 27. Qxb6 axb6 28. Rd2 Bc4 29. Rb2 b5 30. Kf2 Ra7 31. Nc3 f5 32. Rc1 f4 33. exf4 Rb7 34. Rd1 b4 35. Ne4 Bd5 36. Nc5 Rb5 37. Rdb1 Rdb8 38. Na6 Ra8 39. Nc7 Rba5 40. Nxa8 Rxa8 41. Rxb4 Ra2+ 42. R1b2 Ra1 43. Rb5 Bc4 44. Rc5 Rf1+ 45. Kg3 Bd3 46. d5 Bg6 47. Rd2 Rd1 48. Rxd1 1-0


[Site "https://www.chess.com"]

[Event "Titled Tuesday Blitz July 20 2021"]
[White "Nguyen, Hong Anh"]
[Black "Pein, Jonathan"]
[WhiteFideId "12406732"]
[BlackFideId "417092"]
[WhiteElo "1974"]
[BlackElo "2167"]
[Result "1/2-1/2"]
[Round "06"]
[TimeControl "180+1"]
[Date "2021.07.21"]
[WhiteClock "0:00:20"]
[BlackClock "0:00:12"]

1. d4 Nf6 2. c4 g6 3. Nf3 Bg7 4. g3 O-O 5. Bg2 c6 6. O-O d6 7. Nc3 Qa5 8. e4 Nbd7 9. h3 e5 10. Be3 exd4 11. Nxd4 Nb6 12. Nb3 Qb4 13. c5 Nc4 14. a3 Nxe3 15. axb4 Nxd1 16. Raxd1 Be6 17. Na5 dxc5 18. bxc5 Rab8 19. Ne2 Nd7 20. b4 Ne5 21. Nf4 Ba2 22. Rd2 Bc4 23. Nxc4 Nxc4 24. Rd7 a5 25. bxa5 Nxa5 26. Rb1 Rfd8 27. Rxd8+ Rxd8 28. Bf1 Bd4 29. Nd3 Rd7 30. Kg2 Nc4 31. Rb4 Nd2 32. Nf4 Nxe4 33. Ne2 Nxc5 34. Nxd4 Na6 35. Bxa6 c5 36. Rxb7 Rxd4 37. Rc7 Ra4 38. Bb7 Ra7 39. Rc8+ Kg7 40. Bd5 h5 41. Rxc5 Re7 42. h4 Kf6 43. Rc6+ Kg7 44. Bf3 Ra7 45. Rd6 Re7 46. Rb6 Re5 47. Rb7 g5 48. Bxh5 gxh4 49. Bxf7 hxg3 50. fxg3 Kf6 51. Bc4 Rc5 52. Be2 Rc2 53. Kf2 Kg5 54. Rb4 Ra2 55. Ke3 Ra3+ 56. Bd3 Rc3 57. Rc4 Ra3 58. Rd4 Rc3 59. Kf3 Ra3 60. Rd5+ Kf6 61. Kf4 Ra1 62. Be4 Rf1+ 63. Bf3 Ke6 64. Re5+ Kf6 65. Ra5 Rb1 66. g4 Kg7 67. Be4 Rf1+ 68. Kg5 Rf7 69. Bf5 Kh8 70. Ra6 Rg7+ 71. Rg6 Ra7 72. Rh6+ Kg8 73. Kh5 Ra1 74. g5 Rh1+ 75. Kg6 Re1 76. Rh7 Re5 77. Ra7 Re8 78. Kf6 Rf8+ 79. Kg6 Re8 80. Bd7 Rd8 81. Be6+ Kh8 82. Kf6 Rf8+ 83. Kg6 Rf6+ 84. Kh5 Rxe6 85. Rb7 Kg8 86. g6 Re1 87. Kg5 Rg1+ 88. Kh6 Rh1+ 89. Kg5 Rg1+ 90. Kh6 Rh1+ 91. Kg5 Rg1+ 1/2-1/2


[Site "https://www.chess.com"]

[Event "Titled Tuesday Blitz July 20 2021"]
[White "Obolentseva, Alexandra"]
[Black "Madaminov, Mukhiddin"]
[WhiteFideId "24153648"]
[BlackFideId "14210703"]
[WhiteElo "2113"]
[BlackElo "1747"]
[Result "0-1"]
[Round "06"]
[TimeControl "180+1"]
[Date "2021.07.21"]
[WhiteClock "0:02:31"]
[BlackClock "0:02:45"]

1. d4 Nf6 2. c4 e6 3. Nc3 Bb4 4. Qc2 O-O 5. Nf3 d5 6. Bf4 c5 7. a3 Bxc3+ 8. Qxc3 Ne4 9. Qd3 Nc6 10. cxd5 exd5 11. dxc5 Bf5 12. Qd2 Nxd2 0-1


[Site "https://www.chess.com"]

[Event "Titled Tuesday Blitz July 20 2021"]
[White "Odinaev, Timur"]
[Black "Seo, Jung Min"]
[WhiteFideId "4163770"]
[BlackFideId "1734687"]
[WhiteElo "2306"]
[BlackElo "2486"]
[Result "1/2-1/2"]
[Round "06"]
[TimeControl "180+1"]
[Date "2021.07.21"]
[WhiteClock "0:00:06"]
[BlackClock "0:00:05"]

1. e4 e5 2. Nf3 Nc6 3. Bb5 a6 4. Ba4 Nf6 5. O-O Be7 6. Re1 b5 7. Bb3 O-O 8. d3 d6 9. c3 Bg4 10. h3 Bh5 11. Nbd2 Na5 12. Bc2 c5 13. Nf1 Nd7 14. g4 Bg6 15. Ng3 Kh8 16. Kh2 Rc8 17. Qe2 Re8 18. Bd2 Nc6 19. Rh1 Nb6 20. Kg2 d5 21. h4 f6 22. h5 Bf7 23. Nf5 h6 24. N3h4 Bf8 25. Ng6+ Kg8 26. Nxf8 Rxf8 27. Bxh6 gxh6 28. Nxh6+ Kh8 29. Rag1 Be6 30. Kf1 Qe7 31. Nf5 Qh7 32. b3 Rcd8 33. Rh3 d4 34. c4 bxc4 35. bxc4 Ne7 36. Rhg3 Ng8 37. g5 fxg5 38. Rxg5 Bxf5 39. Rg7 Qh6 40. exf5 Rxf5 41. Qg4 Rff8 42. Rg6 Qc1+ 43. Bd1 Qd2 44. Rf6 Qxd1+ 45. Qxd1 Nxf6 46. Qd2 Ng8 47. Qg5 Rd7 48. Qxe5+ Kh7 49. Qe4+ Kh8 50. Qe5+ Kh7 51. Qxc5 Rdf7 52. Qxb6 Rxf2+ 53. Ke1 R2f6 54. Qb7+ R8f7 55. Qe4+ Kh8 56. Kd1 Nh6 57. Qxd4 Nf5 58. Qe5 Kh7 59. Rg6 Rxg6 60. hxg6+ Kxg6 61. Qe6+ Rf6 62. Qg8+ Kh5 63. Qh8+ Kg5 64. Qh3 Rd6 65. Kc2 Rd4 66. Qg2+ Rg4 67. Qd2+ Kf6 68. Qa5 Rg2+ 69. Kc3 Kg5 70. Qxa6 Ne3 71. Qd6 Rc2+ 72. Kb3 Rd2 73. Qc5+ Nf5 74. Qd5 Kf4 75. a4 Ne3 76. Qd6+ Kf3 77. Qf6+ Ke2 78. d4 Rd3+ 79. Kb4 Nc2+ 80. Kc5 Ne3 81. Qe5 Kd2 82. Qg5 Ra3 83. Kb4 Ra1 84. a5 Kd3 85. Qg6+ Kd2 86. Kc5 Rxa5+ 87. Kb4 Ra1 88. Qg5 Rb1+ 89. Kc5 Ra1 90. Qh6 Kd3 91. Qh7+ Kc3 92. d5 Ra5+ 93. Kd6 Nxc4+ 94. Ke6 Kd4 95. Qg7+ Kc5 96. Qc7+ Kd4 97. d6 Ra6 98. Ke7 Rxd6 99. Qa7+ Kd5 100. Qa8+ Kc5 101. Qc8+ Kd5 102. Qf5+ Kd4 103. Qf4+ Kc5 104. Qf2+ Kd5 105. Qf3+ Kc5 106. Qf5+ Kd4 107. Qf2+ Kd5 108. Qf3+ Kc5 109. Qf2+ Kd5 1/2-1/2


[Site "https://www.chess.com"]

[Event "Titled Tuesday Blitz July 20 2021"]
[White "Ozen, Bahadir"]
[Black "Oliveira, Silvio Eduardo"]
[WhiteFideId "6337058"]
[BlackFideId "2111560"]
[WhiteElo "2503"]
[BlackElo "2302"]
[Result "1-0"]
[Round "06"]
[TimeControl "180+1"]
[Date "2021.07.21"]
[WhiteClock "0:01:36"]
[BlackClock "0:01:31"]

1. Nf3 Nf6 2. g3 e6 3. Bg2 d5 4. O-O Be7 5. d4 O-O 6. c4 dxc4 7. Qa4 a6 8. Qxc4 b5 9. Qc2 Bb7 10. Bg5 Be4 11. Qc1 Nbd7 12. Nbd2 Bb7 13. Nb3 a5 14. Rd1 Bd5 15. Bxf6 Nxf6 16. e3 Qb8 17. Ne5 Bxg2 18. Kxg2 a4 19. Nc5 Bxc5 20. Qxc5 Qb7+ 21. Qc6 1-0


[Site "https://www.chess.com"]

[Event "Titled Tuesday Blitz July 20 2021"]
[White "Peralta, Eduardo"]
[Black "Ambartsumova, Karina"]
[WhiteFideId "3700062"]
[BlackFideId "4166299"]
[WhiteElo "2205"]
[BlackElo "2262"]
[Result "1-0"]
[Round "06"]
[TimeControl "180+1"]
[Date "2021.07.21"]
[WhiteClock "0:00:35"]
[BlackClock "0:00:02"]

1. d4 Nf6 2. c4 e6 3. Nc3 d5 4. Nf3 Bb4 5. e3 O-O 6. Bd3 dxc4 7. Bxc4 c5 8. O-O cxd4 9. exd4 Nc6 10. a3 Be7 11. Qd3 b6 12. Re1 Bb7 13. Ba2 g6 14. Bh6 Re8 15. Rad1 Bf8 16. Bg5 Be7 17. h4 Na5 18. Ne5 Nd5 19. b4 Nxc3 20. Qxc3 Bxg5 21. hxg5 Qxg5 22. d5 exd5 23. bxa5 d4 24. Bxf7+ Kg7 25. Qg3 Qxg3 26. fxg3 Red8 27. Bc4 bxa5 28. Rf1 Rf8 29. Rxd4 Rxf1+ 30. Kxf1 Bc8 31. Nc6 Bf5 32. Bd3 1-0


[Site "https://www.chess.com"]

[Event "Titled Tuesday Blitz July 20 2021"]
[White "Perez Gormaz, Matias"]
[Black "Ahmadzada, Ahmad"]
[WhiteFideId "3406342"]
[BlackFideId "13413007"]
[WhiteElo "2414"]
[BlackElo "2226"]
[Result "1/2-1/2"]
[Round "06"]
[TimeControl "180+1"]
[Date "2021.07.20"]
[WhiteClock "0:00:03"]
[BlackClock "0:00:04"]

1. d4 Nf6 2. c4 Nc6 3. Nf3 e6 4. e3 Bb4+ 5. Nc3 d6 6. Bd3 O-O 7. O-O Bxc3 8. bxc3 e5 9. Nd2 Ne7 10. f4 Re8 11. fxe5 dxe5 12. Rxf6 gxf6 13. Qh5 Ng6 14. Ne4 Kg7 15. Bd2 f5 16. Ng3 Qh4 17. Nxf5+ Bxf5 18. Qxf5 Re6 19. g3 Qe7 20. Rf1 Rf6 21. Qe4 exd4 22. Qxe7 Rxf1+ 23. Bxf1 Nxe7 24. cxd4 b6 25. Kf2 c5 26. d5 f5 27. Bc3+ Kf7 28. Bd3 Rd8 29. e4 fxe4 30. Bxe4 h6 31. a4 Nc8 32. g4 Nd6 33. Bd3 Re8 34. Kf3 Ke7 35. h4 Rf8+ 36. Ke3 h5 37. gxh5 Nf5+ 38. Kd2 Nxh4 39. h6 Nf3+ 40. Ke3 Nd4 41. Bxd4 cxd4+ 42. Kxd4 Kd6 43. h7 Rf4+ 44. Ke3 Rh4 45. Kf3 Ke5 46. Kg3 Rh1 47. Kf3 Kf6 48. Ke3 Rh4 49. Kd2 Ke5 50. Kc3 a5 51. Kd2 Rh2+ 52. Kc3 Rh3 53. Kd2 Rh2+ 54. Kc3 Rh6 55. Bc2 Rh4 56. Bd3 Kd6 57. Bc2 Kc5 58. Bd3 Rh3 59. Kd2 Kd6 60. Kc3 Ke7 61. Kd2 Kf6 62. Kc3 Rh2 63. Kd4 Rh4+ 64. Kc3 Ke5 65. Bc2 Rh3+ 66. Bd3 Kd6 67. Kd2 Ke5 68. Kc3 1/2-1/2


[Site "https://www.chess.com"]

[Event "Titled Tuesday Blitz July 20 2021"]
[White "Pert, Richard G"]
[Black "Plotnikov, Pavel"]
[WhiteFideId "404748"]
[BlackFideId "4170342"]
[WhiteElo "2441"]
[BlackElo "2298"]
[Result "1/2-1/2"]
[Round "06"]
[TimeControl "180+1"]
[Date "2021.07.21"]
[WhiteClock "0:00:07"]
[BlackClock "0:00:04"]

1. e4 c5 2. Nf3 e6 3. Nc3 Nc6 4. d4 cxd4 5. Nxd4 Nf6 6. Nxc6 bxc6 7. e5 Nd5 8. Ne4 Qc7 9. f4 Rb8 10. c4 Bb4+ 11. Ke2 Ba6 12. Kf3 Bb7 13. c5 f5 14. exf6 Nxf6 15. a3 Nxe4 16. axb4 Nf6 17. Bd3 Nd5 18. Re1 O-O 19. Re4 Nf6 20. Qc2 Nxe4 21. Bxe4 h6 22. Be3 e5 23. f5 Rf6 24. g4 Rbf8 25. Rxa7 Qb8 26. Ra1 Bc8 27. Qc4+ Kh8 28. Rd1 g6 29. Ke2 gxf5 30. gxf5 d5 31. cxd6 Rxd6 32. Rxd6 Qxd6 33. Bc5 Qf6 34. Bxf8 Qxf8 35. Qxc6 Bxf5 36. Bxf5 Qxf5 37. Qxh6+ Kg8 38. Qe3 Qc2+ 39. Qd2 Qc4+ 40. Kf3 Qc6+ 41. Kg4 Qe4+ 42. Kh5 Qf3+ 43. Kh4 Qe4+ 44. Kg3 Qg6+ 45. Kf3 Qf5+ 46. Kg2 Qg4+ 47. Kf2 Qf5+ 48. Kg3 Qg6+ 49. Kf3 Qf5+ 50. Ke2 Qg4+ 51. Kd3 Qd4+ 52. Kc2 Qe4+ 53. Qd3 Qg2+ 54. Qd2 Qe4+ 55. Kb3 Qf3+ 56. Qc3 Qd1+ 57. Qc2 Qf3+ 58. Qc3 Qd1+ 59. Kc4 Qe2+ 60. Kd5 Qxh2 61. Qxe5 Qd2+ 62. Qd4 Qg5+ 63. Kc4 Qc1+ 64. Qc3 Qf4+ 65. Kb3 Kf8 66. b5 Ke8 67. b6 Qe4 68. Qc8+ Ke7 69. Qc7+ Ke8 70. Qc8+ Ke7 71. b7 Qd5+ 72. Kc3 Qe5+ 73. Kc4 Qe4+ 74. Kb3 Qd5+ 75. Kc2 Qe4+ 76. Kc1 Qe1+ 77. Kc2 Qe4+ 78. Kb3 1/2-1/2


[Site "https://www.chess.com"]

[Event "Titled Tuesday Blitz July 20 2021"]
[White "Pichot, Alan"]
[Black "Rahman, Ziaur"]
[WhiteFideId "110973"]
[BlackFideId "10200037"]
[WhiteElo "2622"]
[BlackElo "2460"]
[Result "1-0"]
[Round "06"]
[TimeControl "180+1"]
[Date "2021.07.20"]
[WhiteClock "0:01:18"]
[BlackClock "0:00:03"]

1. e4 c6 2. Nf3 d5 3. d3 dxe4 4. dxe4 Qxd1+ 5. Kxd1 Nf6 6. Nbd2 g6 7. Ne1 Bg7 8. f3 Nbd7 9. Nd3 O-O 10. a4 b6 11. c3 Rd8 12. Kc2 Ne8 13. Nc4 Ba6 14. Nb4 Bb7 15. Be3 c5 16. Nd3 Nd6 17. Nf4 Nxc4 18. Bxc4 Ne5 19. Bd5 Bxd5 20. Nxd5 e6 21. Nc7 Rac8 22. Nb5 Nc4 23. Bg5 f6 24. Bf4 e5 25. Bc1 a6 26. Na3 Nd6 27. Rd1 Kf7 28. Be3 Ke6 29. Rd5 f5 30. Rad1 Bf6 31. a5 bxa5 32. Bxc5 Nb7 33. Bb6 Rxd5 34. exd5+ Kd7 35. b3 Be7 36. Nc4 Bd6 37. Nxa5 Nxa5 38. Bxa5 e4 39. fxe4 fxe4 40. Re1 Re8 41. g3 h5 42. c4 h4 43. gxh4 Bxh2 44. c5 Bg3 45. Rg1 Bf2 46. c6+ Kd6 47. Rxg6+ Kxd5 48. c7 e3 49. Rb6 Bg3 50. Rb8 Rxb8 51. cxb8=Q Bxb8 52. Kd3 Bg3 53. h5 Bf4 54. Bb6 Kc6 55. Bxe3 Be5 56. Kc4 1-0


[Site "https://www.chess.com"]

[Event "Titled Tuesday Blitz July 20 2021"]
[White "Pinheiro, Iung Alicio de O."]
[Black "Kobalia, Mikhail"]
[WhiteFideId "2104350"]
[BlackFideId "4119150"]
[WhiteElo "2614"]
[BlackElo "2569"]
[Result "0-1"]
[Round "06"]
[TimeControl "180+1"]
[Date "2021.07.20"]
[WhiteClock "0:00:20"]
[BlackClock "0:00:13"]

1. e4 c6 2. d4 d5 3. e5 Bf5 4. Ne2 h6 5. Ng3 Bd7 6. Be3 e6 7. Nd2 a5 8. c3 a4 9. f4 Qb6 10. Rb1 c5 11. Nf3 Nc6 12. Bd3 cxd4 13. Nxd4 Bc5 14. Nge2 Nge7 15. O-O O-O 16. Kh1 f5 17. b4 axb3 18. axb3 Nxd4 19. cxd4 Bb4 20. Rg1 Bb5 21. g4 Ra2 22. Ng3 Bd2 23. Qe2 Bxd3 24. Qxd3 Bxe3 25. Qxe3 Rc8 26. Rbc1 Rxc1 27. Rxc1 fxg4 28. Qd3 Qa5 29. f5 Qa3 30. Rc2 Ra1+ 31. Kg2 Qa5 32. Re2 Qa6 33. Qxa6 bxa6 34. f6 Nc6 35. fxg7 Nxd4 36. Rf2 Nf3 37. Ne2 Kxg7 38. h3 Nxe5 39. Nd4 Nd3 40. Nxe6+ Kg6 41. Rf8 gxh3+ 42. Kxh3 Re1 43. Nd4 Re4 44. Nf3 Rf4 45. Kg3 Rxf8 0-1


[Site "https://www.chess.com"]

[Event "Titled Tuesday Blitz July 20 2021"]
[White "Porter, Ryan W"]
[Black "Novikov, Evgenij"]
[WhiteFideId "2011239"]
[BlackFideId "4125380"]
[WhiteElo "2408"]
[BlackElo "2242"]
[Result "1-0"]
[Round "06"]
[TimeControl "180+1"]
[Date "2021.07.21"]
[WhiteClock "0:00:03"]
[BlackClock "0:00:03"]

1. c4 c5 2. g3 g6 3. Bg2 Bg7 4. Nc3 e6 5. e4 Ne7 6. Nge2 Nbc6 7. O-O O-O 8. d3 Rb8 9. Bg5 f6 10. Be3 d6 11. d4 cxd4 12. Nxd4 Nxd4 13. Bxd4 Nc6 14. Be3 a6 15. Qd2 Rf7 16. Rfd1 Rd7 17. Rac1 Ne5 18. Qe2 Qe7 19. f4 Nf7 20. Bb6 g5 21. b3 Ra8 22. Kh1 a5 23. Qf2 Nh6 24. h3 Qf8 25. f5 e5 26. Bf1 Qf7 27. g4 Bf8 28. c5 Qg7 29. Bc4+ Kh8 30. Be6 dxc5 31. Bxd7 Bxd7 32. Bxc5 Bc6 33. Nd5 a4 34. b4 a3 35. Bxf8 Rxf8 36. Qc5 Rg8 37. b5 Bxd5 38. Rxd5 Nxg4 39. hxg4 Qh6+ 40. Kg2 Qh4 41. Qe3 Qxg4+ 42. Kf2 Qh4+ 43. Ke2 Qh2+ 44. Qf2 Qh3 45. Rd3 Qh5+ 46. Qf3 g4 47. Qg2 g3+ 48. Rf3 Rd8 49. Rh1 Qg5 50. Re3 Qg4+ 51. Qf3 g2 52. Rg1 Qh4 53. Qxg2 Qh5+ 54. Qg4 Qf7 55. Rh1 Qc4+ 56. Kf3 Rd2 57. Qh4 Qc7 58. Qh3 Qc2 59. Qxh7# 1-0


[Site "https://www.chess.com"]

[Event "Titled Tuesday Blitz July 20 2021"]
[White "Preotu, Razvan"]
[Black "Wagner, Dinara"]
[WhiteFideId "2613280"]
[BlackFideId "24157570"]
[WhiteElo "2407"]
[BlackElo "2260"]
[Result "1-0"]
[Round "06"]
[TimeControl "180+1"]
[Date "2021.07.20"]
[WhiteClock "0:00:13"]
[BlackClock "0:00:07"]

1. e4 c5 2. Nf3 d6 3. d4 cxd4 4. Nxd4 Nf6 5. Nc3 a6 6. Be2 e6 7. Be3 Be7 8. g4 h6 9. Qd2 Nc6 10. Rg1 Nxd4 11. Bxd4 e5 12. Be3 g5 13. h4 gxh4 14. Bxh6 Be6 15. O-O-O Rc8 16. g5 Ng8 17. Nd5 Bxd5 18. Qxd5 Nxh6 19. gxh6 Bg5+ 20. Kb1 Bxh6 21. Qxb7 Qc7 22. Bxa6 Qxb7 23. Bxb7 Rc7 24. Bd5 h3 25. Rh1 Bf4 26. a4 Ra7 27. b4 Ke7 28. a5 h2 29. Kb2 Rb8 30. Kc3 Rc8+ 31. Kb3 Rb8 32. Ra1 Rg8 33. b5 Rb8 34. b6 Rxa5 35. Rxa5 Rxb6+ 36. Kc4 Rb2 37. Ra7+ Kf6 38. Rxf7+ Kg5 39. Kd3 Rb4 40. Rg7+ Kf6 41. Rg2 Rd4+ 42. Kc3 Rd2 43. Rgxh2 Re2 44. Rh7 Bd2+ 45. Kd3 Rxf2 46. Rf7+ Kg5 47. Rxf2 Bf4 48. Rg2+ Kf6 49. Rh7 Be3 50. Rf7# 1-0


[Site "https://www.chess.com"]

[Event "Titled Tuesday Blitz July 20 2021"]
[White "Primbetov, Kazbek"]
[Black "Rorrer, Grayson"]
[WhiteFideId "13702297"]
[BlackFideId "30944996"]
[WhiteElo "2184"]
[BlackElo "2122"]
[Result "1-0"]
[Round "06"]
[TimeControl "180+1"]
[Date "2021.07.21"]
[WhiteClock "0:00:06"]
[BlackClock "0:00:05"]

1. c4 e5 2. g3 c6 3. Bg2 d5 4. cxd5 cxd5 5. d4 e4 6. f3 Bb4+ 7. Bd2 Bxd2+ 8. Qxd2 f5 9. Nh3 Nf6 10. O-O O-O 11. Nc3 Nc6 12. Rac1 Be6 13. Ng5 Bd7 14. Na4 b6 15. Nc3 Rc8 16. Nh3 Be6 17. Ng5 Bd7 18. Nh3 Qe7 19. Nf4 Be6 20. Bh3 g6 21. fxe4 dxe4 22. e3 Bf7 23. Rfd1 Rfd8 24. Rf1 Ne5 25. Bg2 Nc4 26. Qe2 Qb4 27. b3 Na5 28. Na4 Qd6 29. h4 Nc6 30. Qd2 Ne7 31. Rc2 Rxc2 32. Qxc2 Rc8 33. Qd2 Ned5 34. Rc1 Rd8 35. Bh3 Nxf4 36. gxf4 Nd5 37. Nc3 Qf6 38. Nxd5 Bxd5 39. Qf2 Qe6 40. h5 Rc8 41. Rxc8+ Qxc8 42. hxg6 hxg6 43. Qg3 Qc1+ 44. Kh2 Kf7 45. Bg2 Qd2 46. Qh3 Kg7 47. Qh4 Qxe3 48. Qe7+ Bf7 49. Qe5+ Kg8 50. d5 Qd3 51. d6 e3 52. Bf3 Qd2+ 53. Kh3 Qf2 54. Bg2 Qd2 55. Bf3 Qf2 56. Bg2 e2 57. d7 e1=Q 58. d8=Q+ 1-0


[Site "https://www.chess.com"]